[Event "Arsen Yeghiazaryan Memorial 2022"]
[Site "Yerevan"]
[Date "2022.07.02"]
[Round "2.4"]
[White "Nazari, Arad"]
[Black "Piliposyan, Robert"]
[Result "1/2-1/2"]
[ECO "C68"]
[WhiteElo "2401"]
[BlackElo "2287"]
[Annotator "TA"]
[PlyCount "219"]
[EventDate "2022.06.30"]
[EventType "tourn"]
[EventCountry "ARM"]
[SourceTitle "playchess.com"]
[Source "ChessBase"]
[SourceQuality "1"]
[TimeControl "40/5400+30:1800+30"]

1. e4 e5 2. Nf3 Nc6 3. Bb5 a6 4. Bxc6 dxc6 5. O-O Bg4 6. h3 h5 7. d3 Qf6 8. Be3 Bxf3 9. Qxf3 Qxf3 10. gxf3 Ne7 11. Nd2 Ng6 12. Rfb1 Bd6 13. Kf1 {[%emt 0:00:25] C68: Ruy Lopez: Exchange Variation, sidelines.} c5 {[%emt 0:18:23] [#]} 14. a4 $146 ({Predecessor:} 14. Nc4 Be7 15. a3 a5 16. b4 axb4 17. axb4 Rxa1 18. Rxa1 cxb4 19. Ra8+ Bd8 20. Na5 b6 {½-½ (40) Solak,D (2641)-Ding,L (2783) Khanty-Mansiysk 2017}) 14... Kd7 15. a5 {[%emt 0:00:09] The position is equal.} b5 16. Ke2 (16. axb6 $1 $11 cxb6 17. c3) 16... Nf8 $15 17. c3 Ne6 18. Rd1 g6 19. Rac1 f5 20. Nb1 f4 21. Bd2 ({White should play} 21. d4 $1 $15) 21... g5 22. Rg1 (22. Na3 $17) 22... Ke7 23. Rcd1 Rhd8 (23... Rad8 $142 24. Na3 c4) 24. Bc1 (24. h4 $17) 24... Kf7 $19 25. Nd2 Be7 26. b3 Rd7 27. Bb2 c6 28. c4 (28. Rge1 $17 {was called for.}) 28... Bf6 29. Nb1 b4 {[%emt 0:02:31] Prevents Na3.} 30. Nd2 Rad8 31. Nf1 Ng7 32. Nh2 Ne6 $2 (32... Ke7 $19 {Strongly threatening ...Kf7.} 33. Rgf1 Ne6) 33. Rd2 $2 (33. Nf1 $11) 33... Rd6 34. Rdd1 Re8 35. Rg2 Rd7 36. Rdg1 (36. Kd2 $17) 36... Red8 37. Rd1 Bh8 38. Rgg1 Kf6 39. Nf1 Bg7 40. Rd2 Bf8 41. Nh2 (41. h4 $17 {was necessary.}) 41... Rd6 42. Nf1 Bh6 43. Nh2 R8d7 44. Ra1 Nd8 45. Rdd1 Nb7 46. Rd2 Bf8 47. Rdd1 Be7 48. Ra2 Bd8 49. Ba1 Nxa5 50. Rb2 Bc7 51. Rdd2 Rd8 52. Rd1 R6d7 53. Rdd2 Nb7 54. Ra2 a5 ({Wrong is} 54... Na5 $2 55. Rab2) 55. Ra4 Nd6 56. Rd1 Nc8 57. Ra2 Bb6 58. Bb2 Ke6 59. Ba1 Ne7 60. Bb2 Bc7 61. Raa1 Ng8 62. Rd2 Nf6 63. Rg1 Rg7 64. Rdd1 Ra8 65. Ra1 Bd8 66. Rg2 Nd7 67. Kd2 Nb6 68. Kc2 a4 69. bxa4 Nxa4 {[%emt 0:02:22][%cal Ob4b3] [#] Threatens to win with ...b3+!} ({Not} 69... Rxa4 70. Rgg1 $17) 70. Kb3 Rga7 71. Rgg1 Nc3 72. Rxa7 Rxa7 73. Re1 {[%emt 0:02:38] Prevents Ne2.} Rd7 74. Kc2 Na4 75. Ba1 Nb6 76. Rd1 Ra7 {[%emt 0:00:58] [#] White must now prevent ...Ra3.} 77. Bb2 {[%emt 0:00:30] Against Ra3} Ra2 78. Kb3 Ra7 $2 (78... Ra4 $19 {...Be7 is the strong threat.} 79. Nf1 Ra7) 79. Nf1 $2 (79. Kc2 $1 $11 {and White stays safe.}) 79... Nd7 80. Ra1 Ba5 81. Nd2 Nf6 82. Kc2 Bb6 83. Rxa7 Bxa7 {[%emt 0:00:03][%mdl 4096] Endgame KBN-KBN} 84. Kd1 Nd7 85. Nb3 Kd6 86. Bc1 Nf8 87. Ke2 Ne6 88. Bb2 Nc7 89. Na5 Ne6 $2 (89... Bb6 $19 90. Nb3 Ne6) 90. Nb7+ $2 (90. Nb3 $11 {and White is okay.}) 90... Kc7 {[%emt 0:00:04] Black is clearly better.} 91. Na5 Kb6 92. Nb3 Bb8 93. Ba1 Nd8 94. Kd2 Bd6 95. Bb2 Ne6 96. Ke2 Bc7 97. Ba1 Kb7 98. Bb2 Kc8 99. Nd2 Nf8 100. Nb3 Nd7 101. Ba1 Kd8 102. Bb2 Ke7 103. Bc1 Kd6 104. Bd2 Nf8 105. Bc1 Ne6 106. Bb2 Nd8 107. Nd2 Nb7 108. Kd1 Na5 109. Ke2 Ke6 110. Kf1 {[%emt 0:00:16] Weighted Error Value: White=0.26 (precise) /Black=0.13 (very precise)} 1/2-1/2

[Event "Arsen Yeghiazaryan Memorial 2022"]
[Site "Yerevan"]
[Date "2022.07.02"]
[Round "2.5"]
[White "Morchiashvili, Bachana"]
[Black "Hayrapetyan, Hovik"]
[Result "0-1"]
[ECO "D35"]
[WhiteElo "2305"]
[BlackElo "2481"]
[Annotator "TA"]
[PlyCount "96"]
[EventDate "2022.06.30"]
[EventType "tourn"]
[EventCountry "ARM"]
[SourceTitle "playchess.com"]
[Source "ChessBase"]
[SourceQuality "1"]
[TimeControl "40/5400+30:1800+30"]

1. d4 Nf6 2. c4 e6 3. Nf3 d5 4. Nc3 Bb4 5. cxd5 exd5 6. Bg5 h6 7. Bh4 O-O 8. e3 Bf5 9. Bd3 Bxd3 10. Qxd3 Nbd7 11. O-O c6 12. Ne5 {[%emt 0:04:19] D35: Queen's Gambit Declined: Exchange Variation.} Qe8 13. Bxf6 Nxf6 {[%emt 0:00:17] [#]} 14. Qc2 $146 {[%emt 0:04:23] Black has an edge.} ({Predecessor:} 14. Rab1 Bd6 15. Nf3 Ne4 16. b4 a6 17. a4 f5 18. Ne2 g5 19. b5 axb5 20. axb5 {½-½ (41) Devaev,A (2325)-Suvorov,A (2363) Chess.com INT 2021}) 14... Bd6 15. Nd3 Qe7 16. g3 h5 17. Rfe1 Rae8 (17... h4 $5) 18. Qe2 g6 19. Rab1 a5 20. a3 Qe6 (20... h4 {feels hotter.} 21. g4 Ne4 22. Rbc1 h3) 21. b4 axb4 22. axb4 b5 23. Rbc1 h4 $1 24. Nb1 Qd7 25. Nd2 Kg7 26. Nf3 hxg3 27. hxg3 {[%emt 0:00:38] [#]} Ng4 {[%emt 0:05:53] Prevents Nfe5.} 28. Nh2 $2 (28. Nc5 $17 Bxc5 29. Rxc5) 28... Nxh2 $19 29. Kxh2 Rh8+ 30. Kg1 g5 (30... Qh3 31. Qf3 $17) 31. Qf3 {[%emt 0:03:40] Against Qf5} g4 32. Qg2 Rh6 {[%emt 0:00:22] And now ...Qf5 would win.} 33. Kf1 Reh8 34. Ke2 Rh2 35. Qg1 Qf5 (35... R8h3 $19 {Hoping for ...Qe7.} 36. Kd2 Bxg3) 36. Kd2 $17 {[%emt 0:01:11] [#]} Qf3 {[%emt 0:13:30] 0x0.00222d46e56cdp-1022s more active pieces.} ({Better is} 36... Qe4 $1 $17 {aiming for ...Rg2.} 37. Kc3 (37. Rxc6 Bxb4+ 38. Nxb4 Rh1 $17) 37... R8h7) 37. Kc3 $1 $11 (37. Rxc6 $2 Bxg3 38. Re2 Ra8 $19) 37... Rg2 38. Qf1 Rhh2 39. Kb3 $1 Rxf2 40. Nxf2 Rxf2 41. Qd3 (41. Qh1 $11) 41... Bxg3 $15 42. Rxc6 Rb2+ {[%emt 0:06:55] Really sharp!} 43. Kxb2 $11 Bxe1 44. Qxb5 {[%emt 0:04:38] KQR-KQB} g3 {[%emt 0:04:11] ( -> ...g2)} 45. Rc8 $2 (45. Qb8 $1 $11 Qxe3 46. Qd6) 45... Qf2+ $2 ({Not} 45... Qxe3 46. Qxd5 Bxb4 47. Qd8 Qa3+ 48. Kc2 Qa4+ 49. Kd3 Qb3+ 50. Ke4 Qe6+ 51. Kf3 Qf5+ 52. Kg2 (52. Kxg3 {is a self mate.} Be1+ 53. Kh2 Qf2+ 54. Kh1 Qf3+ 55. Kg1 Bf2+ 56. Kf1 Bg3+ 57. Kg1 Qf2+ 58. Kh1 Qh2#) 52... Qf2+ 53. Kh3 Qf5+ 54. Kg2 (54. Kxg3 {leads to mate.} Be1+ 55. Kh2 Qf2+ 56. Kh1 Qf3+ 57. Kh2 Bg3+ 58. Kh3 Bf2+ 59. Kh2 Qg3+ 60. Kh1 Qh3#) 54... Qf2+ 55. Kh3 Qf5+ 56. Kg2 $11 (56. Kxg3 Be1+ 57. Kh2 Qf2+ 58. Kh1 Qf3+ 59. Kh2 Bg3+ 60. Kh3 Bf2+ 61. Kh2 Qg3+ 62. Kh1 Qh3#)) (45... g2 $19 46. Qb8 Qf2+ 47. Kb3 Qxe3+ 48. Ka4 g1=Q 49. Rg8+ Kh7 50. Rh8+ Kg6 51. Rg8+ Kh7 52. Rh8+ Kg6 53. Rg8+ Kh7) 46. Kb1 $2 (46. Rc2 $15 Qxc2+ 47. Kxc2) 46... Qf5+ {[%emt 0:00:08] Black mates.} 47. Rc2 g2 48. e4 Qxe4 {[%emt 0:00:15] Weighted Error Value: White=0.41/Black=0.22 (precise)} 0-1

[Event "Arsen Yeghiazaryan Memorial 2022"]
[Site "Yerevan"]
[Date "2022.07.03"]
[Round "3.1"]
[White "Piliposyan, Robert"]
[Black "Morchiashvili, Bachana"]
[Result "1-0"]
[ECO "A58"]
[WhiteElo "2287"]
[BlackElo "2305"]
[Annotator "TA"]
[PlyCount "105"]
[EventDate "2022.06.30"]
[EventType "tourn"]
[EventCountry "ARM"]
[SourceTitle "playchess.com"]
[Source "ChessBase"]
[SourceQuality "1"]
[TimeControl "40/5400+30:1800+30"]

1. d4 Nf6 2. c4 c5 3. d5 b5 4. cxb5 a6 5. bxa6 g6 6. Nc3 {[%emt 0:00:04] A58: Benko/Volga Gambit: Lines with 5 bxa6.} Bg7 7. e4 O-O 8. a7 {[%emt 0:01:24] White is slightly better.} Rxa7 9. Nf3 e6 10. Be2 exd5 11. exd5 Ba6 12. O-O Bxe2 13. Qxe2 {[%emt 0:01:29] [#]} Na6 $146 (13... d6 $14) ({Predecessor:} 13... d6 14. Bf4 Re8 15. Qb5 Rae7 16. Nd2 Nh5 17. Bg5 f6 18. Be3 g5 19. Nc4 h6 {1-0 (51) Grinev,V (2441)-Zia,T (2071) Chess.com INT 2020}) 14. d6 $1 $16 {[%emt 0:23:34] Black is now going downhill.} Qa5 15. Bd2 {[%emt 0:13:54] Hoping for Nb5.} Qb6 16. Nb5 Raa8 17. a4 {[%emt 0:02:29] 0x0.001765200b8fdp-1022s more active pieces. The black rooks are badly placed.} Rfc8 (17... Qb7 $16) 18. Qc4 $18 Qc6 19. Ne5 Qd5 20. Bc3 Qxc4 21. Nxc4 Rab8 {[%emt 0:00:41] Prevents Nb6.} 22. Rfe1 $36 {[%emt 0:06:48][%cal Bf1e1,Be1e3,Be3e7][%mdl 2080] White is in control.} Nb4 23. Rad1 Nbd5 (23... Nfd5 $142 24. h3 Kf8) 24. Bxf6 Nxf6 25. Re3 Ng4 26. Re7 Rd8 27. h3 Nh6 28. g4 {[%emt 0:00:28][%cal Bg2g4,Bg4g5][%mdl 32] Prevents Nf5.} f5 29. g5 Nf7 30. f4 Kf8 31. Rde1 h6 32. h4 hxg5 33. hxg5 Rb7 34. Kg2 Rbb8 35. Ne5 Bxe5 36. fxe5 Nxg5 (36... f4 $142 37. Rf1 Re8 38. Rxd7 Nxe5) 37. Rh1 Kg8 {[%emt 0:01:02] Against Rh8+} 38. Rh6 Ne6 39. Rxg6+ Kh8 {[%emt 0:00:18] Threatens to win with ...Nf4+.} 40. Rh6+ Kg8 41. b3 {[%emt 0:10:49] Nc7 is the strong threat.} Nd4 (41... Nf4+ $142 42. Kg3 Ne6) 42. Nc7 {[%emt 0:03:11] Intending Nd5 and mate.} Nc6 {[%emt 0:04:05] [#]} 43. e6 $1 {[%emt 0:06:56] And now Reh7 would win.} dxe6 (43... Nxe7 44. dxe7) 44. Nxe6 $2 Nxe7 45. Nxd8 ({And not} 45. dxe7 Rd2+ 46. Kg3 Rxb3+ 47. Kf4 Kf7 48. Kxf5 (48. Rh7+ $2 Kf6 $19) 48... Kxe7 49. Rh7+ Ke8 $15) 45... Rxd8 46. dxe7 {[%emt 0:00:13][%mdl 4096] Endgame KR-KR} Rd2+ (46... Re8 $18 47. Rc6 Kf7 48. Rxc5 Rg8+ 49. Kf2 Kxe7 50. Rxf5 Rb8) 47. Kf1 {[%emt 0:01:05] White mates.} Kf7 {[%emt 0:01:08] [#]} 48. Re6 $3 Ke8 49. a5 $1 Ra2 50. a6 f4 51. Rh6 Kxe7 {[%emt 0:08:24] [#]} 52. a7 $1 Kd7 {[%emt 0:00:16] [#]} 53. Rh8 $1 {[%emt 0:00:10] Weighted Error Value: White=0.20 (precise) /Black=0.38} 1-0

[Event "Arsen Yeghiazaryan Memorial 2022"]
[Site "Yerevan"]
[Date "2022.07.03"]
[Round "3.2"]
[White "Alaverdyan, Gevorg"]
[Black "Atakhan, Abtin"]
[Result "1-0"]
[ECO "B34"]
[WhiteElo "2336"]
[BlackElo "2344"]
[Annotator "TA"]
[PlyCount "111"]
[EventDate "2022.06.30"]
[EventType "tourn"]
[EventCountry "ARM"]
[SourceTitle "playchess.com"]
[Source "ChessBase"]
[SourceQuality "1"]
[TimeControl "40/5400+30:1800+30"]

1. e4 c5 2. Nf3 Nc6 3. d4 cxd4 4. Nxd4 g6 5. Bc4 Bg7 6. Ne2 Nf6 7. Nbc3 d6 {[%emt 0:03:15] B34: Sicilian: Accelerated Dragon with 5 Nc3: sidelines.} 8. Bg5 O-O 9. Qd2 Qa5 {[%emt 0:11:48] The position is equal.} 10. O-O {[%emt 0:07:09] [#]} Bg4 $146 ({Predecessor:} 10... Ne5 11. Bb3 Qc5 12. Be3 Qc7 13. f4 Nc4 14. Qd3 Nxe3 15. Qxe3 Ng4 16. Qg3 Qc5+ {0-1 (28) Cori Tello,D-Jurich,F Villa Giardino 2002}) 11. Rfe1 Rac8 12. Bb3 Ne5 (12... Bxe2 $11 13. Rxe2 e6) 13. Nd5 $1 $14 Qxd2 14. Nxe7+ Kh8 15. Bxd2 Rce8 16. Nd5 Nxe4 17. Be3 Nc5 18. h3 Bf5 19. Nd4 Be4 20. Nc3 Nc6 (20... a6 $142) 21. Rad1 (21. Ndb5 $142 $1 {Bxc5 is the strong threat.} Nxb3 22. cxb3) 21... Nxb3 22. cxb3 d5 (22... Nxd4 $142 23. Bxd4 Bc2 24. Rxe8 Rxe8 25. Bxg7+ Kxg7 26. Rxd6 Re1+ 27. Kh2 Bf5) 23. Nxc6 $1 $16 bxc6 24. Bc5 ({But not} 24. Bxa7 $6 Bc2 $14) 24... Rg8 25. Nxe4 ({Don't do} 25. Bxa7 $6 Bc2 $14) 25... dxe4 26. Rd7 ({Much less strong is} 26. Bxa7 f5 $16) 26... f5 27. Rxa7 {[%emt 0:01:16] White is more active.} Rd8 (27... Bxb2 $16 {might work better.} 28. a4 Rg7) 28. a4 $1 $18 Bxb2 29. a5 Rg7 30. Rxg7 Kxg7 {[%emt 0:00:02][%mdl 4096] Endgame KRB-KRB} 31. a6 Kf7 32. a7 Ke6 33. Bb6 Ra8 34. Rd1 (34. f3 $18) 34... Bf6 $16 35. Bc5 (35. Kf1 $142) 35... Be7 36. Bb6 ({White should try} 36. Be3 $1 $16) 36... c5 (36... Bf6 $11 {remains equal.}) 37. Kf1 g5 38. Ke2 {[%emt 0:02:03] And now Ke3 would win.} f4 {[%emt 0:00:01] This costs Black the game.} (38... Bd6 $16 39. f3 exf3+ 40. Kxf3 h5) 39. g3 $1 $18 Bd6 {[%emt 0:01:11] [#]} 40. h4 $1 h6 {[%emt 0:00:00] [#]} 41. h5 $1 Be7 (41... Re8 $142 42. gxf4 gxf4) 42. Rd2 Bd6 43. g4 Ke5 $2 (43... f3+ {is a better chance.} 44. Kd1 Rc8) 44. Kd1 Ke6 45. Kc2 Rc8 46. Kc3 e3 47. fxe3 fxe3 48. Ra2 Ra8 49. Kc4 Kd7 50. Kd5 Bf4 51. Kxc5 Bg3 52. Kd5 Bf2 53. Rc2 {[%emt 0:00:56] White wants to mate with Rc7+.} Ke7 54. Rc7+ {[%emt 0:00:11] White mates.} Kf8 55. Rb7 Bg3 56. Bxe3 {[%emt 0:00:06] Weighted Error Value: White=0.09 (flawless) /Black=0.58} 1-0

[Event "Arsen Yeghiazaryan Memorial 2022"]
[Site "Yerevan"]
[Date "2022.07.03"]
[Round "3.3"]
[White "Quparadze, Giga"]
[Black "Nazari, Arad"]
[Result "1/2-1/2"]
[ECO "B92"]
[WhiteElo "2482"]
[BlackElo "2401"]
[Annotator "TA"]
[PlyCount "77"]
[EventDate "2022.06.30"]
[EventType "tourn"]
[EventCountry "ARM"]
[SourceTitle "playchess.com"]
[Source "ChessBase"]
[SourceQuality "1"]
[TimeControl "40/5400+30:1800+30"]

1. e4 c5 2. Nf3 d6 3. d4 cxd4 4. Nxd4 Nf6 5. Nc3 a6 6. Be2 e5 7. Nb3 Be7 8. O-O O-O 9. Kh1 Nc6 {[%emt 0:00:17] B92: Sicilian Najdorf: 6 Be2.} 10. Be3 b5 11. f3 Be6 12. a4 {[%emt 0:02:12] [#]} bxa4 $146 ({Predecessor:} 12... b4 13. Nd5 Bxd5 14. exd5 Na5 15. Qd2 Nxb3 16. cxb3 Qa5 17. Rfd1 Rfc8 18. Rac1 Bd8 {1-0 (33) Deepan Chakkravarthy,J (2557)-Nitin,S (2398) New Delhi 2019}) 13. Rxa4 d5 14. exd5 (14. Bxa6 $2 d4 15. Bb5 (15. Bb7 $2 Rxa4 16. Nxa4 Na5 $19) 15... Rxa4 16. Bxa4 (16. Nxa4 $2 Na7 $19) 16... dxc3 17. Qxd8 Nxd8 $19) (14. Rxa6 Rxa6 15. exd5 Nxd5 $1 16. Nxd5 Ra8 17. Nxe7+ Nxe7 $17) 14... Nxd5 15. Nxd5 Qxd5 {[%emt 0:09:02] [#]} 16. Bc4 ({Don't play} 16. Rxa6 Rxa6 17. Bxa6 Rb8 $11) (16. Nc5 $1 $14) 16... Qxd1 $11 17. Rxd1 Nb4 18. Bxe6 (18. Bc5 {keeps more tension.} Bxc5 19. Nxc5 Bxc4 20. Rxb4 Be2 21. Rd2) 18... Nxc2 19. Bc5 Bxc5 20. Nxc5 {[%emt 0:00:04] Hoping for Bb3.} fxe6 21. Nxe6 Rfe8 22. Nc5 Red8 23. Rxd8+ Rxd8 $14 {[%emt 0:00:04][%cal Rd8d1][%mdl 4096] Endgame KRN-KRN} 24. h4 Rd1+ 25. Kh2 Rd2 26. Ne4 Re2 {[%emt 0:00:13] The position is equal.} 27. Rxa6 Ne3 28. Ng5 g6 ({But not} 28... Rxg2+ 29. Kh3 g6 30. Ra8+ Kg7 31. Ra7+ Kg8 32. Nxh7 $16) 29. Ra8+ Kg7 30. Ra7+ Kg8 31. b4 ({Don't blunder} 31. Rxh7 $2 Rxg2+ 32. Kh3 {[#]} Rxg5 $1 33. hxg5 Kxh7 $19) 31... Nxg2 32. b5 {[%emt 0:00:07] Black must now prevent b6.} Rb2 33. Ne4 Nf4+ 34. Kg1 Rxb5 35. Nf6+ Kf8 36. Nxh7+ Kg8 37. Nf6+ Kf8 38. Nh7+ Kg8 39. Nf6+ {[%emt 0:00:04] Weighted Error Value: White=0.07 (flawless) /Black=0.05 (flawless)} 1/2-1/2

[Event "Arsen Yeghiazaryan Memorial 2022"]
[Site "Yerevan"]
[Date "2022.07.03"]
[Round "3.4"]
[White "Agasarov, Benik"]
[Black "Yeritsyan, Hayk"]
[Result "0-1"]
[ECO "B38"]
[WhiteElo "2225"]
[BlackElo "2249"]
[Annotator "TA"]
[PlyCount "88"]
[EventDate "2022.06.30"]
[EventType "tourn"]
[EventCountry "ARM"]
[SourceTitle "playchess.com"]
[Source "ChessBase"]
[SourceQuality "1"]
[TimeControl "40/5400+30:1800+30"]

1. d4 Nf6 2. Nf3 g6 3. c4 c5 4. Nc3 cxd4 5. Nxd4 Bg7 6. e4 d6 7. f3 O-O 8. Be3 Nc6 9. Qd2 Bd7 10. Be2 Nxd4 11. Bxd4 a5 12. O-O Bc6 13. b3 Nd7 14. Rfd1 {[%emt 0:05:11] B38: Sicilian: Maroczy Bind with 5...Bg7 and 7...0-0.} Bxd4+ 15. Qxd4 Qb6 16. Qxb6 {[%emt 0:03:12] The position is equal.} Nxb6 17. a3 {[%emt 0:04:14] [#]} Nd7 $146 ({Predecessor:} 17... Rfc8 18. Rab1 Kf8 19. f4 Nd7 20. Bg4 Rc7 21. Bxd7 Bxd7 22. Nd5 Rc6 23. a4 Be6 {1-0 (42) Maltsevskaya,A (2318)-Chinguun,S (2304) Khanty-Mansiysk 2019}) 18. b4 {[%emt 0:04:31] [#] And now b5 would win.} b6 19. f4 Ra7 20. Kf2 Rfa8 (20... Kg7 $11 {remains equal.}) 21. Rac1 (21. b5 $16 Bb7 22. e5) 21... axb4 $11 22. axb4 Ra3 23. c5 (23. e5 {seems wilder.} Rb3 24. exd6 e6 25. b5) 23... bxc5 24. b5 Bb7 {[%emt 0:10:33] next ...Nf6 is good for Black.} (24... Rxc3 $5 25. bxc6 (25. Rxc3 Bxe4 26. Re3 f5 $11) 25... Rxc1 26. Rxc1 Nf8 $11) 25. e5 $1 {[%emt 0:00:07] Inhibits Nf6.} Rb3 $36 {[%emt 0:02:20][%mdl 2048] Black is pushing.} 26. exd6 e6 27. Rc2 Raa3 28. Rdc1 Kf8 29. g3 Nf6 {[%emt 0:03:03][%cal Ob3c3] ...Rxc3! is the strong threat.} 30. Ke1 (30. Nb1 $1 $11) 30... Be4 $17 31. d7 Ke7 32. Rd2 Kd8 33. Nd1 Bd5 ({Better is} 33... Nxd7 $17 {Hoping for ...Kc7.} 34. Rxc5 Bd3) 34. Rxc5 $11 Ra1 35. Bc4 (35. Rdc2 $11) 35... Rc3 $15 36. Rd4 {[%emt 0:02:08] [#] Now White is beyond hope.} (36. b6 $15 Rxc4 37. Rxc4 Bxc4 38. b7) 36... Rac1 $1 $19 {[%emt 0:06:22][%cal Rc3c4] Dancing on a razor blade.} ({And not} 36... Nxd7 37. Rcxd5 exd5 38. Bxd5 $17) 37. Bxd5 (37. Rcxd5 Nxd5 38. Bxd5 exd5 39. Rxd5) 37... Rxc5 38. Bc6 Ra1 {[%emt 0:01:22] Against Ra4} 39. Rd2 Nd5 40. Kf2 Nc7 41. Ne3 Nxb5 42. Ng4 (42. Bxb5 $142 Rxb5 43. Ng4) 42... Rxc6 {[%emt 0:01:17] Black is clearly winning.} 43. Ne5 Rd6 44. Rb2 (44. Nxf7+ $142 Kxd7 45. Nxd6 Nxd6 46. Kg2) 44... Rd5 {[%emt 0:00:29] Weighted Error Value: White=0.50/Black=0.13 (very precise)} 0-1

[Event "Arsen Yeghiazaryan Memorial 2022"]
[Site "Yerevan"]
[Date "2022.07.03"]
[Round "3.5"]
[White "Hayrapetyan, Hovik"]
[Black "Yeremyan, Alen"]
[Result "1-0"]
[ECO "E65"]
[WhiteElo "2481"]
[BlackElo "2233"]
[Annotator "TA"]
[PlyCount "131"]
[EventDate "2022.06.30"]
[EventType "tourn"]
[EventCountry "ARM"]
[SourceTitle "playchess.com"]
[Source "ChessBase"]
[SourceQuality "1"]
[TimeControl "40/5400+30:1800+30"]

1. d4 Nf6 2. c4 g6 3. g3 Bg7 4. Bg2 O-O 5. Nc3 d6 6. Nf3 c5 7. O-O cxd4 8. Nxd4 Nc6 9. Nxc6 bxc6 10. Bxc6 Rb8 11. Bg2 Qa5 12. Nb5 {[%emt 0:10:02] 12.Qd2 is the hot move.} Bb7 {[%emt 0:07:36] [#]} 13. Nd4 $146 {[%emt 0:20:31] E65: King's Indian: Fianchetto: 6...c5 7 0-0 without d5 by White.} (13. Bxb7 $14 Rxb7 14. Bd2) ({Predecessor:} 13. Bd2 Qa6 14. Bxb7 Rxb7 15. Bc3 Rc8 16. b3 d5 17. Bxf6 Bxf6 18. Qxd5 Bxa1 19. Rxa1 Rbb8 20. Qe5 Qa5 21. Qxe7 {½-½ (137) Erdos,V (2621)-Navara,D (2718) Bol 2014}) 13... Bxg2 $11 14. Kxg2 {[%emt 0:00:09] aiming for Nc6.} Rfc8 {[%emt 0:01:04] Inhibits Nc6.} 15. b3 $1 {[%emt 0:05:21] The position is equal.} d5 16. Bd2 Qa6 17. cxd5 Nxd5 18. e3 e5 19. Nf3 Qd3 (19... e4 $11 20. Nd4 Rc7) 20. Ne1 ({Better is} 20. Be1 $14 Qb5 21. e4) 20... Qa6 21. e4 Nc7 (21... Rd8 $11) 22. Nc2 Rd8 23. Qe1 Ne6 (23... Qd3 24. Ba5 $1 Rbc8 25. Bxc7 Rxc7 26. Nb4 $16) 24. Nb4 {[%emt 0:00:57] Against Qd3} Qb7 25. Nd5 f5 26. f3 Nd4 {[%emt 0:03:22] White must now prevent ...fxe4.} 27. Rc1 Nxf3 28. Rxf3 fxe4 {[%emt 0:00:07] [#]} 29. Qxe4 Rxd5 (29... Qxd5 30. Qxd5+) 30. Qc4 {[%emt 0:00:06] And now Rd3 would win.} Kh8 31. Be3 Rbd8 (31... Ra5 $14 32. a4 (32. Qe2 Rf8 $11) 32... Rd5) 32. Qc6 $16 Qe7 33. h4 {[%emt 0:00:29] Strongly threatening Bg5.} e4 34. Rf2 (34. Rff1 $16) 34... Rd3 (34... Bd4 $1 $11 35. Rd1 Bxe3 36. Rxd5 Rxd5 37. Qxd5 Bxf2 38. Kxf2 Qf6+ 39. Kg1 Qa1+ 40. Kf2 Qxa2+ 41. Ke3 Qg2 42. Qd8+ Kg7 43. Qe7+ Kg8 44. Qd8+ Kg7 45. Qe7+ Kg8 46. Qd8+ Kg7) 35. Bg5 Qe5 36. Bf4 (36. Bxd8 Qxg3+ 37. Kh1 (37. Kf1 $2 Qh3+ 38. Ke1 Qe3+ 39. Kf1 Rxd8 $19) 37... Qxf2 38. Qe8+ Bf8 39. Qe5+ Kg8 40. Qe6+ Qf7 41. Qxf7+ Kxf7 42. Rf1+ Kg8 $17) 36... Qf5 37. Rc5 Qf8 38. Rc4 Rf3 39. Rxf3 exf3+ 40. Qxf3 Qa3 41. Qe2 Qa5 42. Kh2 Qf5 {[%emt 0:00:45] [#]} 43. Qe4 (43. b4 $1 $18) 43... Qb5 (43... Qxe4 $16 44. Rxe4 Kg8) 44. Qe6 {[%emt 0:06:57] Rc8 is the strong threat.} Qb7 {[%emt 0:02:49] Against Rc8} (44... Rf8 $142 45. Qe7 Re8) 45. Qc6 ({White should play} 45. Rc7 $18 Qf3 46. Qe1 (46. Qe7 Qf2+ 47. Kh3 Qf1+ 48. Kh2 Qf2+ 49. Kh3 Qf1+ 50. Kh2 Qf2+ $11)) 45... Qf7 46. Rc2 h6 47. Re2 Kh7 48. Qe6 {[%emt 0:00:27] White is more active.} Qb7 49. Qe7 (49. h5 $142 gxh5 50. Qf5+ Kg8 51. Qxh5) 49... Rd7 50. Qe4 Qb5 51. Rc2 (51. Qc4 $16 Qf5 52. Qe6 (52. Re8 Rf7 $16)) 51... Qh5 (51... Rd4 $1 $14 52. Qe6 Rd1) 52. Qe6 $40 {[%emt 0:02:19][%mdl 128] White attacks with force.} Qd5 53. Qxd5 Rxd5 $18 {[%emt 0:00:02][%mdl 4096] Endgame KRB-KRB} 54. Rc7 g5 (54... a5 $16 55. Kh3 Kg8) 55. hxg5 ({Weaker is} 55. Rxa7 gxf4 56. gxf4 Kg6 $17) 55... hxg5 56. Be3 ({Inferior is} 56. Rxa7 gxf4 57. gxf4 Rd3 $11) 56... a5 57. Kh3 Kg6 58. Kg4 Bf8 (58... Rd3 $142) 59. Rc6+ Bd6 $2 {[%emt 0:01:00] [#]} (59... Kh7 60. Bxg5 Bb4) 60. Bc5 $1 {[%emt 0:01:15][%mdl 512] White is clearly winning.} Rxc5 61. Rxd6+ {[%emt 0:00:16] KR-KR} Kf7 62. Ra6 Ke7 63. Kh5 Kd7 64. g4 Kc7 65. a4 Kb7 66. Rg6 {[%emt 0:00:02] Weighted Error Value: White=0.19 (very precise) /Black=0.28 (precise)} 1-0

[Event "Arsen Yeghiazaryan Memorial 2022"]
[Site "Yerevan"]
[Date "2022.07.04"]
[Round "4.1"]
[White "Morchiashvili, Bachana"]
[Black "Quparadze, Giga"]
[Result "1/2-1/2"]
[ECO "E11"]
[WhiteElo "2305"]
[BlackElo "2482"]
[Annotator "TA"]
[PlyCount "32"]
[EventDate "2022.06.30"]
[EventType "tourn"]
[EventCountry "ARM"]
[SourceTitle "playchess.com"]
[Source "ChessBase"]
[SourceQuality "1"]
[TimeControl "40/5400+30:1800+30"]

1. d4 Nf6 2. c4 e6 3. g3 d5 4. Bg2 Bb4+ 5. Bd2 Be7 6. Nf3 O-O 7. O-O c6 8. Qc2 b6 9. Rd1 {[%emt 0:00:11] E11: Bogo-Indian.} Bb7 10. Bf4 Nbd7 11. Nbd2 Nh5 12. Be3 Nhf6 {[%emt 0:00:07] [#]} 13. Bf4 $146 ({Predecessor:} 13. Bg5 h6 14. Bxf6 Nxf6 15. e4 dxe4 16. Nxe4 Qc7 17. Nxf6+ Bxf6 18. c5 Rfd8 19. b4 Ba6 20. Rac1 Rac8 21. Qe4 Bb5 22. Ne5 Ba4 23. Re1 Bxe5 24. dxe5 {0-1 (92) Kononenko,D (2322)-Studer,N (2588) Chess.com INT 2020}) 13... Nh5 14. Be3 Nhf6 15. Bf4 Nh5 (15... Rc8 $5 ) 16. Be3 Nhf6 {[%emt 0:00:03] Not much happened in this game.  Weighted Error Value: White=0.07 (flawless) /Black=0.10 (very precise)} 1/2-1/2